Map: Year Zero LE

Players

Lambo

  • Race: Zerg Zerg
  • Spawn Location: 11:00

Trust - Winner!

  • Race: Protoss Protoss
  • Spawn Location: 1:00

Event: IEM Season 13: Katowice (2019)

VOD

Have the link to the VOD?

Description

Time

  • Played on: Feb. 26, 2019, 9:31 a.m.
  • Length: 7:53

All games in this series

Show
View Real Time Build Order
Export as new Build Order

Lambo Zerg 

Build Orders: Hatch First, Swarm Host 

Get SALT Encoding   

  12  0:00  Drone  
  13  0:13  Overlord  
  13  0:18  Drone  
  14  0:31  Drone x2  
  16  0:50  Hatchery  
  16  0:52  Drone  
  16  0:56  Drone  
  17  0:59  Drone  
  18  1:11  Extractor  
  17  1:15  Spawning Pool  
  16  1:19  Drone  
  16  1:23  Drone  
  18  1:28  Drone  
  19  1:40  Drone  
  20  1:55  Overlord  
  20  2:02  Queen x2  
  20  2:04  Zergling x4  
  26  2:11  Metabolic Boost  
  26  2:13  Drone  
  26  2:15  Drone  
  28  2:26  Drone x2  
  30  2:38  Hatchery  
  30  2:41  Drone  
  30  2:47  Drone  
  30  2:50  Drone  
  32  2:55  Overlord  
  32  2:57  Drone x2  
  34  3:03  Queen  
  36  3:16  Drone x4  
  36  3:17  Overlord  
  40  3:21  Zergling x2  
  40  3:22  Zergling x2  
  40  3:25  Drone  
  43  3:27  Drone  
  44  3:38  Drone x2  
  44  3:39  Queen  
  44  3:40  Lair  
  48  3:42  Drone  
  48  3:47  Roach Warren  
  48  3:50  Drone  
  48  3:51  Drone  
  48  3:52  Drone  
  48  3:54  Drone  
  52  3:57  Extractor  
  52  3:58  Extractor  
  52  4:00  Drone  
  52  4:01  Overlord  
  52  4:02  Drone  
  52  4:05  Drone  
  53  4:10  Drone  
  53  4:12  Drone  
  53  4:15  Overlord x2  
  55  4:26  Drone  
  55  4:28  Drone x2  
  55  4:29  Drone x2  
  60  4:32  Overlord  
  59  4:39  Overseer  
  59  4:41  Overseer  
  59  4:42  Roach x5  
  69  4:50  Roach, Extractor  
  69  4:51  Extractor  
  69  4:56  Roach x2  
  73  5:01  Overlord  
  72  5:13  Lair  
  71  5:25  Hatchery  
  70  5:33  Roach x2, Evolution Chamber  
  70  5:34  Roach x2  
  77  5:37  Overlord  
  77  5:45  Drone x5  
  77  5:46  Drone x2  
  77  5:48  Roach x2  
  87  5:53  Overlord  
  87  5:58  Roach x2  
  91  6:10  Glial Reconstitution  
  91  6:11  Infestation Pit  
  91  6:15  Roach x3  
  96  6:19  Drone  
  97  6:28  Overlord  
  97  6:29  Overlord  
  97  6:33  Overlord x2  
  97  6:41  Overlord  
  97  6:42  Extractor  
  97  6:43  Roach  
  98  6:52  Drone x2  
  98  6:53  Roach x5  
  110  7:02  Drone  
  110  7:05  Swarm Host x4  
  110  7:08  Swarm Host  
  123  7:11  Swarm Host  
  123  7:14  Swarm Host  
  132  7:20  Roach, Ravager x2  
  132  7:21  Ravager  
  137  7:26  Overlord  
  137  7:28  Ravager  
  137  7:29  Overlord  
  138  7:32  Overlord  
  138  7:33  Overlord  
Show
View Real Time Build Order
Export as new Build Order

Trust Protoss - Winner!

Build Orders: 1 Gate Expand, Zealot Archon, Archon Drop, Dark Templar Rush 

Get SALT Encoding   

  12  0:00  Probe  
  13  0:12  Probe  
  14  0:20  Pylon  
  14  0:24  Probe  
  15  0:34  Probe  
  15  0:40  Gateway  
  15  0:42  Probe  
  16  0:48  Assimilator  
  17  0:52  Probe  
  18  1:04  Probe  
  19  1:16  Probe  
  20  1:27  Nexus  
  20  1:36  Cybernetics Core  
  20  1:39  Probe  
  21  1:45  Assimilator  
  21  1:52  Pylon  
  21  1:55  Probe  
  22  2:02  Adept, Pylon  
  22  2:07  Probe  
  25  2:16  Warp Gate  
  25  2:19  Probe  
  26  2:29  Twilight Council  
  26  2:33  Probe  
  27  2:39  Probe  
  27  2:43  Stalker  
  30  2:47  Probe  
  30  2:48  Probe  
  32  2:55  Probe  
  32  3:00  Probe  
  32  3:05  Dark Shrine  
  34  3:07  Probe  
  35  3:16  Gateway  
  35  3:24  Gateway  
  35  3:29  Gateway  
  35  3:32  Probe  
  35  3:34  Probe  
  37  3:38  Assimilator  
  37  3:40  Probe  
  37  3:42  Assimilator  
  37  3:46  Probe  
  37  3:48  Probe  
  39  3:53  Robotics Facility  
  40  3:58  Probe  
  40  4:00  Probe  
  42  4:05  Pylon  
  44  4:21  Dark Templar x3  
  48  4:25  Dark Templar  
  48  4:26  Probe  
  48  4:27  Probe  
  52  4:32  Warp Prism  
  52  4:39  Probe x2  
  54  4:51  Probe x2  
  56  5:03  Probe x2  
  56  5:04  Sentry x2, Charge  
  61  5:09  Archon  
  61  5:10  Pylon, Archon  
  61  5:12  Pylon  
  61  5:24  Pylon  
  61  5:26  Immortal  
  61  5:31  Sentry x2  
  69  5:39  Probe x2  
  70  5:52  Pylon  
  70  5:53  Immortal, Pylon  
  70  5:54  Nexus  
  74  6:14  Gateway x2  
  74  6:16  Gateway  
  74  6:18  Gateway  
  74  6:19  Immortal  
  78  6:36  Dark Templar x2  
  82  6:40  Dark Templar  
  82  6:41  Dark Templar  
  82  6:42  Archon  
  86  6:47  Archon  
  86  6:51  Observer  
  86  6:57  Pylon  
  86  6:58  Pylon  
  87  7:08  Zealot  
  87  7:12  Dark Templar x2  
  87  7:13  Zealot x3  
  87  7:14  Zealot  
  101  7:17  Archon  
  101  7:18  Zealot  
  103  7:26  Pylon  

Tags
 
Add a new tag
Caveats
  • Supply blocks, unpowered buildings, or Contaminate may cause inaccurate times.
  • Supply counts are checked every 10 seconds.